 Dungeon Crawl Stone Soup version 0.31-a0-875-g02e7d12df6 (webtiles) character file.

Game seed: 2013970109214889652

8271 Sweetruy1997 the Cleaver (level 11, -4/98 HPs)
             Began as an Armataur Fighter on Oct 8, 2023.
             Was a Priest of Qazlal.
             Slain by an ettin
             ... wielding a +0 dire flail
              (38 damage)
             ... on level 2 of the Orcish Mines on Oct 12, 2023.
             The game lasted 00:22:07 (8592 turns).

Sweetruy1997 the Cleaver (Armataur Fighter)         Turns: 8592, Time: 00:22:08

Health: -4/98      AC: 10    Str: 29    XL:     11   Next: 7%
Magic:  11/11      EV:  9    Int: 11    God:    Qazlal [***...]
Gold:   761        SH: 11    Dex: 14    Spells: 10/10 levels left

rFire   . . .        v - +10 hand axe of Giehesue {flame, *Slow Str+2 Int+2}
rCold   . . .        c - +2 buckler
rNeg    + . .        b - +0 scale mail
rPois   .            (helmet restricted)
rElec   .            G - +2 cloak
rCorr   .            (no gloves)
SInv    .            (no barding)
Will    .....        p - amulet of the acrobat
Stlth   +            k - +6 ring of strength
HPRegen 0.36/turn    y - ring of positive energy
MPRegen 0.12/turn

%: slow self (1%), acrobat, roll
@: no status effects
A: large, rugged brown scales 3, deformed body, armoured tail, roll, long
tongue, awkward tongue, horns 1, deterioration 1, mutation resistance 1
a: Renounce Religion, Upheaval, Elemental Force


You were on level 2 of the Orcish Mines.
You worshipped Qazlal.
Qazlal was most pleased with you.
You visited 3 branches of the dungeon, and saw 12 of its levels.

You collected 761 gold pieces.

Inventory:

Hand Weapons
 v - the +10 hand axe of Giehesue (weapon) {flame, *Slow Str+2 Int+2}
   (You found it on level 3 of the Dungeon)

   Str+2:     It affects your strength (+2).
   Int+2:     It affects your intelligence (+2).
   *Slow:     It may slow you when you take damage.
Armour
 b - a +0 scale mail (worn)
 c - a +2 buckler (worn)
 w - a +0 helmet
 G - a +2 cloak (worn)
Jewellery
 k - a +6 ring of strength (left hand)
 p - an amulet of the acrobat (around neck)
 r - a ring of flight
 s - a ring of ice
 y - a ring of positive energy (right hand)
 B - a ring of poison resistance
Wands
 a - a wand of polymorph (7)
 z - a wand of iceblast (6)
 L - a wand of flame (11)
Scrolls
 e - 5 scrolls of teleportation
 h - a scroll of acquirement {unknown}
 i - a scroll of poison {unknown}
 m - a scroll of silence {unknown}
 o - 2 scrolls of fog
 x - a scroll of butterflies {unknown}
 A - a scroll of fear {unknown}
 C - 3 scrolls of blinking
 I - a scroll of amnesia
Potions
 d - 3 potions of might
 f - a potion of haste {unknown}
 g - a potion of attraction {unknown}
 j - 2 potions of magic {unknown}
 l - 4 potions of curing
 q - 2 potions of brilliance {unknown}
 t - 2 potions of heal wounds
 u - a potion of invisibility {unknown}
 D - a potion of resistance {unknown}
 E - 2 potions of enlightenment {unknown}
 F - a potion of lignification {unknown}
 H - 2 potions of ambrosia {unknown}
 K - a potion of cancellation {unknown}


   Skills:
 - Level 7.0 Fighting
 + Level 10.0(10.2) Axes
 - Level 3.1(7.6) Maces & Flails
 + Level 7.0 Throwing
 - Level 5.0 Armour
 - Level 3.0 Dodging
 - Level 2.0 Stealth
 - Level 4.0 Shields
 + Level 1.1 Evocations


You had 10 spell levels left.
You didn't know any spells.
Your spell library contained the following spells:

 Spells                   Type           Power      Damage    Failure   Level
 Kiss of Death            Conj/Necr      0%         2d5       63%         1
 Confusing Touch          Hex            0%         N/A       94%         3
 Inner Flame              Hex/Fire       0%         N/A       94%         3
 Dispel Undead            Necr           0%         3d6       100%        4
 Flame Wave               Conj/Fire      0%         2d4       100%        4
 Sticky Flame             Conj/Fire      0%         2d3       100%        4
 Vhi's Electric Charge    Tloc/Air       0%         N/A       100%        4
 Arcjolt                  Conj/Air       0%         1d10      100%        5
 Plasma Beam              Fire/Air       0%         2x1d10    100%        6


Dungeon Overview and Level Annotations

Branches:
Dungeon (9/15)             Temple (1/1) D:4             Orc (2/2) D:9
    Elf (0/3) Orc:2
   Lair: D:8-11

Altars:
Ashenzari
Cheibriados
Dithmenos
Elyvilon
Fedhas
Gozag
Hepliaklqana
Kikubaaqudgha
Makhleb
Nemelex Xobeh
Okawaru
Qazlal
Ru
Sif Muna
Trog
Uskayaw
Vehumet
Wu Jian
Xom
Yredelemnul
Zin
The Shining One


Innate Abilities, Weirdness & Mutations

You are completely covered in rugged brown scales. (AC +3, +7% HP)
Armour fits poorly on your strangely shaped body.
You have a long armoured tail.
You roll when moving toward enemies. (Rampage)
Your long tongue fully drains potion bottles. (2x potion effects)
Your tongue gives you trouble enunciating. (1.5x scroll delay)
You have a pair of small horns on your head.
Your body sometimes deteriorates upon taking damage.
You are somewhat resistant to further mutation.


Message History

You now have 716 gold pieces (gained 19).
Found a stone staircase leading up.
You now have 740 gold pieces (gained 24).
You now have 761 gold pieces (gained 21).
An ettin comes into view. It is wielding two +0 dire flails.
The ettin shouts in stereo!
Aiming: Iceblast
Press: ? - help, Shift-Dir - straight line The mass of ice explodes!
The iceblast engulfs the ettin.
The ettin is lightly wounded.
Aiming: Throw Flame
Press: ? - help, Shift-Dir - straight line, f - ettin
Aim: an ettin, wielding two +0 dire flails (93% to hit)
The puff of flame misses the ettin.
Aiming: Iceblast
Press: ? - help, Shift-Dir - straight line, f/p - ettin
Aim: an ettin, wielding two +0 dire flails The mass of ice explodes!
The iceblast engulfs the ettin!
The ettin is lightly wounded.
You roll towards the ettin!
The ettin misses you.
The ettin hits you with a +0 dire flail!
You slash the ettin! You burn the ettin.
The ettin is moderately wounded.
The ettin hits you but does no damage.
The ettin hits you with a +0 dire flail!!
You hit the ettin. You burn the ettin. You headbutt the ettin.
The ettin is heavily wounded.
You hit the ettin. You burn the ettin.
You tail-slap the ettin, but do no damage.
The ettin is heavily wounded.
You block the ettin's attack. x2
You hit the ettin. You burn the ettin.
The ettin is heavily wounded.
The ettin hits you with a +0 dire flail!!!
You block the ettin's attack.
You barely miss the ettin. You tail-slap the ettin.
The ettin is severely wounded.
You block the ettin's attack.
The ettin hits you with a +0 dire flail!!!
You die...

##.##...##...............
#####.......##.....<....
##..................
##.................
#..................
##.................
##............#...#
#.○......#....#..##
#.@§.............#
#....C......... .#.#
#...#..$.##...
##.##...#..... ##
##.......# #....#...
#.... #.# ...... ##


You could see an ettin.

Vanquished Creatures
  A two-headed ogre (D:9)
  The ghost of DocEon the Thaumaturge, a novice DECj (D:7)
  Psyche (D:9)
  Maggie (D:8)
  A kobold demonologist (D:9)
  A troll (Orc:2)
  6 yaks (D:9)
  Grum (D:9)
  4 steam dragons
  3 acid dragons
  2 water moccasins (D:7)
  4 orc warriors
  Pargi (D:3)
  3 sky beasts
  An ice beast (D:7)
  2 black bears
  2 ogres
  3 centaurs
  3 wolves (D:9)
  2 phantoms
  A kobold brigand (D:7)
  A bullfrog (D:8)
  4 scorpions
  17 wights
  3 howler monkeys
  A centaur zombie (D:7)
  2 jellies
  5 hounds
  3 gnoll boudas
  2 iguanas
  2 sleepcaps (D:7)
  Natasha (thrice) (D:3)
  7 orc wizards
  Ijyb (D:4)
  Terence (D:3)
  A howler monkey zombie (D:7)
  5 adders
  14 gnolls
  A shadow imp (D:5)
  2 white imps (D:7)
  An ufetubus (D:5)
  A worm (D:5)
  3 dart slugs
  26 orcs
  7 ball pythons
  9 bats
  11 endoplasms
  2 giant cockroaches (D:2)
  8 hobgoblins
  4 jackals (D:5)
  7 quokkas
  2 frilled lizards (D:2)
  7 goblins
  13 kobolds
  3 rats
223 creatures vanquished.

Notes
Turn   | Place    | Note
-------+----------+-------------------------------------------
     0 | D:1      | Sweetruy1997 the Armataur Fighter began the quest for the
                  | Orb.
     0 | D:1      | Reached XP level 1. HP: 19/19 MP: 1/1
   200 | D:1      | Reached XP level 2. HP: 26/26 MP: 2/2
   665 | D:1      | Reached XP level 3. HP: 32/32 MP: 3/3
  1471 | D:2      | Reached XP level 4. HP: 39/39 MP: 4/4
  2227 | D:3      | Identified the +10 hand axe of Giehesue {flame, *Slow Str+2
                  | Int+2}
  2346 | D:3      | Noticed Natasha
  2350 | D:3      | Killed Natasha
  2351 | D:3      | Reached skill level 5 in Armour
  2395 | D:3      | Noticed Terence
  2398 | D:3      | Killed Terence
  2399 | D:3      | Reached XP level 5. HP: 48/48 MP: 5/5
  2402 | D:3      | Noticed Natasha
  2410 | D:3      | Killed Natasha
  2470 | D:3      | Found a faded altar of an unknown god.
  2481 | D:3      | Noticed Natasha
  2489 | D:3      | Killed Natasha
  2490 | D:3      | Reached skill level 1 in Throwing
  2711 | D:3      | Noticed Pargi
  2716 | D:3      | Killed Pargi
  2717 | D:3      | Reached skill level 1 in Axes
  2717 | D:3      | Reached skill level 1 in Dodging
  2717 | D:3      | Reached XP level 6. HP: 50/54 MP: 6/6
  2797 | D:4      | Noticed Ijyb
  2806 | D:4      | Killed Ijyb
  2893 | D:4      | Found a bloodstained altar of Trog.
  2957 | D:4      | Reached skill level 2 in Axes
  2983 | D:4      | Reached skill level 1 in Stealth
  2987 | D:4      | Reached XP level 7. HP: 47/60 MP: 7/7
  3066 | D:4      | Found a sparkling altar of Nemelex Xobeh.
  3217 | D:4      | Found a staircase to the Ecumenical Temple.
  3258 | Temple   | Entered the Ecumenical Temple
  3431 | D:4      | Found a blossoming altar of Fedhas.
  3431 | D:4      | Found a glowing silver altar of Zin.
  3678 | D:4      | You fall into a shaft and drop 3 floors!
  3752 | D:7      | Reached skill level 3 in Axes
  3799 | D:5      | Entered Level 5 of the Dungeon
  4032 | D:5      | Reached XP level 8. HP: 70/70 MP: 8/8
  4150 | D:5      | Reached skill level 5 in Throwing
  4248 | D:5      | Found a stormy altar of Qazlal.
  4255 | D:5      | Reached skill level 4 in Axes
  4269 | D:5      | Became a worshipper of Qazlal Stormbringer
  5309 | D:7      | Found a glowing golden altar of the Shining One.
  5394 | D:7      | Reached skill level 5 in Axes
  5541 | D:7      | Reached * piety under Qazlal
  5542 | D:7      | Reached XP level 9. HP: 77/77 MP: 9/9
  5622 | D:7      | Upgraded the game from 0.31-a0-851-g7ff8af7976 to
                  | 0.31-a0-875-g02e7d12df6
  5633 | D:7      | Reached skill level 6 in Axes
  5759 | D:7      | Found a shimmering blue altar of Sif Muna.
  5900 | D:7      | Found a faded altar of an unknown god.
  5930 | D:7      | Found a hazy altar of Hepliaklqana.
  5930 | D:7      | Found a faded altar of an unknown god.
  5987 | D:7      | Found a runed translucent gate.
  5987 | D:7      | Found a runed translucent gate.
  5987 | D:7      | Found a runed translucent gate.
  5987 | D:7      | Noticed DocEon's ghost (novice DECj)
  5989 | D:7      | Found a basalt altar of Yredelemnul.
  6006 | D:7      | Gained mutation: You are partially covered in iridescent
                  | scales. (AC +2) [potion of mutation]
  6006 | D:7      | Gained mutation: You occasionally shout uncontrollably at
                  | your foes. [potion of mutation]
  6006 | D:7      | Gained mutation: Your flesh is cold resistant. (rC+)
                  | [potion of mutation]
  6006 | D:7      | Gained mutation: Your mind is acute. (Int +4, Str/Dex -1)
                  | [potion of mutation]
  6006 | D:7      | Gained mutation: Your flesh is very cold resistant. (rC++)
                  | [potion of mutation]
  6007 | D:7      | Lost mutation: Your mind is acute. (Int +4, Str/Dex -1)
                  | [potion of mutation]
  6007 | D:7      | Lost mutation: Your flesh is very cold resistant. (rC++)
                  | [potion of mutation]
  6007 | D:7      | Lost mutation: You are partially covered in iridescent
                  | scales. (AC +2) [potion of mutation]
  6007 | D:7      | Lost mutation: Your flesh is cold resistant. (rC+) [potion
                  | of mutation]
  6007 | D:7      | Lost mutation: You occasionally shout uncontrollably at
                  | your foes. [potion of mutation]
  6007 | D:7      | Gained mutation: You have a pair of small horns on your
                  | head. [potion of mutation]
  6007 | D:7      | Gained mutation: Your body sometimes deteriorates upon
                  | taking damage. [potion of mutation]
  6007 | D:7      | Gained mutation: You are partially covered in large bone
                  | plates. (SH +4) [potion of mutation]
  6007 | D:7      | Lost mutation: You are partially covered in large bone
                  | plates. (SH +4) [potion of mutation]
  6007 | D:7      | Gained mutation: You are somewhat resistant to further
                  | mutation. [potion of mutation]
  6105 | D:7      | Killed DocEon's ghost
  6106 | D:7      | Reached skill level 5 in Fighting
  6106 | D:7      | Reached skill level 7 in Axes
  6173 | D:8      | Noticed Maggie
  6178 | D:8      | Killed Maggie
  6348 | D:8      | Reached skill level 8 in Axes
  6354 | D:8      | Reached XP level 10. HP: 65/88 MP: 10/10
  6464 | D:8      | Reached ** piety under Qazlal
  6518 | D:8      | Identified the +5 long sword of Secenuf {freeze, rN+ Int+2}
  7182 | D:9      | Noticed a two-headed ogre
  7186 | D:9      | Killed a two-headed ogre
  7196 | D:9      | Noticed Grum
  7201 | D:9      | Killed Grum
  7202 | D:9      | Reached skill level 9 in Axes
  7391 | D:9      | Found a staircase to the Orcish Mines.
  7438 | D:9      | Noticed Psyche
  7445 | D:9      | Killed Psyche
  7446 | D:9      | Reached skill level 1 in Evocations
  7560 | D:9      | Found an ornate altar of the Wu Jian Council.
  7653 | D:9      | Noticed a sun demon
  8205 | Orc:1    | Entered Level 1 of the Orcish Mines
  8236 | Orc:1    | Reached XP level 11. HP: 98/98 MP: 11/11
  8286 | Orc:2    | Entered Level 2 of the Orcish Mines
  8286 | Orc:2    | Found a staircase to the Elven Halls.
  8291 | Orc:2    | Reached *** piety under Qazlal
  8371 | Orc:2    | Reached skill level 10 in Axes
  8583 | Orc:2    | Noticed an ettin
  8592 | Orc:2    | Slain by an ettin

Illustrated notes

Levels and vault maps discovered:
D:1:      evilmike_arrival_hilbert_curve, layout_loops_corners, serial_aquarium,
          aquarium_bridge_straight [aquarium_subvault_bridge,
          aquarium_subvault_wall, aquarium_subvault_bridge,
          aquarium_subvault_wall], aquarium_bridge_straight
          [aquarium_subvault_bridge, aquarium_subvault_wall,
          aquarium_subvault_bridge, aquarium_subvault_window],
          aquarium_window_corner, aquarium_window_1, aquarium_view_4,
          aquarium_view_2d
D:2:      minmay_razor_zed, layout_basic, minmay_fractal_squares_5
D:3:      layout_basic, hellmonk_ecumenical_altar_run_dry, uniq_terence,
          uniq_natasha, uniq_pargi
D:4:      layout_basic, mainiacjoe_overflow_concentric_impassable,
          nemelex_xobeh_ov_fountains_minmay, minitemple, temple_fountains,
          uniq_ijyb
D:5:      layout_loops_corners, mainiacjoe_overflow_chevrons
D:6:      layout_cave_pools
D:7:      layout_loops_ring, nicolae_hepliaklqana_ecumenical_no_more,
          nicolae_yredelemnul_ghost_church, mainiacjoe_overflow_big_doors,
          grunt_ministairs_13
D:8:      layout_loops_ring, uniq_maggie
D:9:      layout_loops_ring, kennysheep_mini_moat, orc_0_dummy, uniq_grum,
          uniq_psyche
Temple:   nicolae_temple_no_exploring_needed
Orc:1:    layout_caves, basic_altar
Orc:2:    st_orc_town, layout_caves

Skill      XL: |  1  2  3  4  5  6  7  8  9 10 11 |
---------------+----------------------------------+-----
Armour         | 4 5 |  5.0
Maces & Flails | 2 3 |  3.1
Shields        | 4 |  4.0
Fighting       | 3 4 5 7 |  7.0
Throwing       | 1 3 4 5 6 7 |  7.0
Axes           | 1 2 3 5 8 9 10 | 10.0
Dodging        | 1 2 3 |  3.0
Stealth        | 1 2 |  2.0
Evocations     | 1 |  1.1

Action                     |  1- 3 |  4- 6 |  7- 9 | 10-12 || total
---------------------------+-------+-------+-------+-------++-------
  Melee: Flail             |    73 |    45 |       |       ||   118
         Tailslap          |     2 |     7 |    28 |    20 ||    57
         Hand axe          |       |    34 |   180 |   157 ||   371
         Headbutt          |       |       |     6 |    27 ||    33
  Throw: Boomerang         |     6 |    56 |    14 |    40 ||   116
  Evoke: Wand              |       |       |     1 |     4 ||     5
    Use: Scroll            |       |       |    14 |     1 ||    15
         Potion            |       |       |     4 |       ||     4
 Armour: Scale mail        |    66 |    59 |    99 |    79 ||   303
  Dodge: Dodged            |    25 |    30 |    74 |    53 ||   182
  Block: Buckler           |    15 |    18 |    56 |    63 ||   152

Table legend: (Time is in decaauts)
 A = Elapsed time spent in this place.
 B = Non-inter-level travel time spent in this place.
 C = Inter-level travel time spent in this place.
 D = Time resting spent in this place.
 E = Time spent auto-exploring this place.
 F = Levels seen in this place.
 G = Mean time per level.
                   A        B        C        D        E       F      G
               +--------+--------+--------+--------+--------+-----+--------+
         Total |   8659 |   8412 |    247 |    227 |   6821 |  12 |  721.6 |
       Dungeon |   8271 |   8040 |    231 |    227 |   6520 |   9 |  919.0 |
        Temple |      9 |      7 |      2 |      0 |      0 |   1 |    9.0 |
  Orcish Mines |    378 |    364 |     14 |      0 |    301 |   2 |  189.0 |
               +--------+--------+--------+--------+--------+-----+--------+

Top non-repeatable levels by time:
     D:1: 1150 daAuts
     D:9: 1118 daAuts
     D:2: 1088 daAuts
     D:5: 1082 daAuts
     D:7: 996 daAuts
     D:4: 905 daAuts
     D:8: 897 daAuts
     D:3: 586 daAuts
     D:6: 445 daAuts
   Orc:2: 298 daAuts
   Orc:1: 79 daAuts
  Temple: 9 daAuts
